 Dungeon Crawl Stone Soup version 0.28.0-49-g6dfe1f597d (webtiles) character file.

Game seed: 17264676324865372460

434531 Peloso the Slayer (level 22, -1/197 (228) HPs)
             Began as a Minotaur Fighter on May 15, 2022.
             Was the Champion of Okawaru.
             Killed from afar by a shadow dragon (38 damage)
             ... with a bolt of negative energy
             ... on level 5 of the Vaults.
             The game lasted 02:31:10 (48955 turns).

Peloso the Slayer (Minotaur Fighter)               Turns: 48955, Time: 02:31:11

HP:   -1/197 (228)  AC: 37    Str: 38    XL:     22   Next: 90%
MP:   22/23         EV: 15    Int:  2    God:    Okawaru [******]
Gold: 3047          SH: 20    Dex: 13    Spells: 21/21 levels left

rFire   + + .      SeeInvis .   a - +8 double sword of Doom {speed, rElec}
rCold   + + .      Faith    .   c - +2 shield of Resistance {rF++ rC++ Will++}
rNeg    . . .      Spirit   .   o - +7 chain mail of the Arena {Will++ Int-3}
rPois   +          Reflect  .   m - +0 hat "Heacuoff" {Rampage rCorr Str+3}
rElec   +          Harm     .   q - +2 cloak {rCorr}
rCorr   +          Rampage  ∞   I - +2 pair of gloves
Will    +++++                   T - +3 pair of seven-league boots {Rampage+∞}
Stlth   ++........              s - amulet of Arikanun {rPois Regen+ Stlth+}
HPRegen 1.22/turn               A - +4 ring of slaying
MPRegen 0.18/turn               t - +6 ring of strength

@: heroic, studying Unarmed Combat, heavily drained
A: horns 2, retaliatory headbutt
}: 2/15 runes: decaying, serpentine
a: Renounce Religion, Heroism, Finesse, Duel


You were on level 5 of the Vaults.
You worshipped Okawaru.
Okawaru was exalted by your worship.
You visited 8 branches of the dungeon, and saw 40 of its levels.
You also visited: Ossuary, Bailey and Gauntlet.

You collected 5270 gold pieces.
You spent 2223 gold pieces at shops.

Inventory:

Hand Weapons
 a - the +8 double sword of Doom (weapon) {speed, rElec}
   (You took it off a deep elf elementalist on level 3 of the Elven Halls)

   Attacks with this weapon are significantly faster.
   rElec:     It insulates you from electricity.
 b - the +10 falchion of Seoteza {freeze, rPois rC+ rN++}
   (You found it on level 3 of the Elven Halls)

   It freezes those it strikes, dealing additional cold damage.
   It can also slow down cold-blooded creatures.
   rC:        It protects you from cold.
   rPois:     It protects you from poison.
   rN:        It greatly protects you from negative energy.
 M - the +4 falchion "Gimuosm" {flame, rElec Int+2}
   (Okawaru gifted it to you on level 1 of the Swamp)

   It burns those it strikes, dealing additional fire damage.
   Big, fiery blades are also staple armaments of hydra-hunters.
   Int:       It affects your intelligence (+2).
   rElec:     It insulates you from electricity.
Armour
 c - the +2 shield of Resistance (worn) {rF++ rC++ Will++}
   (You found it on level 11 of the Dungeon)

   rF:        It greatly protects you from fire.
   rC:        It greatly protects you from cold.
   Will:      It greatly increases your willpower.
 e - a +1 kite shield of reflection
 m - the +0 hat "Heacuoff" (worn) {Rampage rCorr Str+3}
   (Okawaru gifted it to you on level 4 of the Snake Pit)

   Str:       It affects your strength (+3).
   rCorr:     It protects you from acid and corrosion.
   Rampage:   It bestows one free step when moving towards enemies.
 o - the +7 chain mail of the Arena (worn) {Will++ Int-3}
   (Okawaru gifted it to you on level 1 of the Vaults)

   Int:       It affects your intelligence (-3).
   Will:      It greatly increases your willpower.
 q - a +2 cloak of preservation (worn)
 x - +0 gold dragon scales
 y - +0 shadow dragon scales
 z - a +0 pair of boots of flying
 I - a +2 pair of gloves (worn)
 T - the +3 pair of seven-league boots (worn) {Rampage+∞}
   (You found it on level 1 of the Lair of Beasts)

   Its wearer moves as far as possible in that direction when moving towards
   enemies.
Jewellery
 i - the ring "Ylytued" {Str+5 Dex+6}
   (You took it off a fire giant on level 5 of the Vaults)

   [ring of dexterity]

   Str:       It affects your strength (+5).
   Dex:       It affects your dexterity (+6).
 p - a ring of flight
 s - the amulet of Arikanun (around neck) {rPois Regen+ Stlth+}
   (You found it in a Gauntlet)

   [amulet of regeneration]

   rPois:     It protects you from poison.
   Regen:     It increases your rate of health regeneration.
   Stlth:     It makes you more stealthy.
 t - a +6 ring of strength (right hand)
 A - a +4 ring of slaying (left hand)
 H - a ring of see invisible
Wands
 j - a wand of flame (12)
 l - a wand of digging (4)
 n - a wand of iceblast (5)
Scrolls
 g - 10 scrolls of immolation
 k - 6 scrolls of fear
 v - 8 scrolls of teleportation
 B - a scroll of acquirement
 E - 7 scrolls of magic mapping
 F - 3 scrolls of noise
 J - 5 scrolls of blinking
Potions
 d - 6 potions of might
 f - 12 potions of curing
 h - 3 potions of mutation
 r - 4 potions of berserk rage
 u - 4 potions of resistance
 w - 3 potions of heal wounds
 Q - 9 potions of flight
 U - 7 potions of haste


   Skills:
 + Level 25.9(27) Fighting
 + Level 0.8(20.8) Short Blades
 + Level 25.6(27) Long Blades
 + Level 0.9(6.4) Axes
 + Level 0.9(6.4) Maces & Flails
 + Level 1.3(6.8) Polearms
 + Level 1.3(6.8) Staves
 + Level 0.7(6.0) Slings
 + Level 0.7(5.7) Bows
 + Level 0.7(5.7) Crossbows
 + Level 0.6(5.8) Throwing
 + Level 20.9(25.9) Armour
 + Level 7.5(12.5) Dodging
 + Level 3.6(8.6) Stealth
 + Level 23.7(27) Shields
 + Level 1.9(6.9) Unarmed Combat
 + Level 0.3 Spellcasting
 + Level 0.3 Conjurations
 + Level 0.3 Hexes
 + Level 0.7 Summonings
 + Level 0.3 Necromancy
 + Level 0.3 Translocations
 + Level 0.4 Transmutations
 + Level 0.3 Fire Magic
 + Level 0.3 Ice Magic
 + Level 0.3 Air Magic
 + Level 0.4 Earth Magic
 + Level 0.3 Poison Magic
 + Level 3.5 Invocations
 + Level 2.6 Evocations


You had 21 spell levels left.
You didn't know any spells.
Your spell library contained the following spells:

 Spells                   Type           Power      Damage    Failure   Level
 Beastly Appendage        Tmut           0%         N/A       67%         1
 Sandblast                Erth           0%         2d4       67%         1
 Freeze                   Ice            0%         1d3       69%         1
 Magic Dart               Conj           0%         1d3       69%         1
 Pain                     Necr           0%         1d4       69%         1
 Slow                     Hex            0%         N/A       71%         1
 Passwall                 Tmut/Erth      0%         N/A       82%         2
 Wereblood                Tmut           0%         N/A       82%         2
 Searing Ray              Conj           0%         2d4       83%         2
 Static Discharge         Conj/Air       0%         N/A       83%         2
 Dazzling Flash           Conj/Hex       0%         N/A       96%         3
 Frozen Ramparts          Ice            0%         1d2       96%         3
 Gell's Gravitas          Tloc           0%         N/A       96%         3
 Inner Flame              Hex/Fire       0%         N/A       96%         3
 Lesser Beckoning         Tloc           0%         N/A       96%         3
 Ozocubu's Armour         Ice            0%         N/A       96%         3
 Spider Form              Tmut/Pois      0%         N/A       96%         3
 Stone Arrow              Conj/Erth      0%         3d7       96%         3
 Teleport Other           Tloc           0%         N/A       96%         3
 Vampiric Draining        Necr           0%         2d6       96%         3
 Confusing Touch          Hex            0%         N/A       97%         3
 Anguish                  Hex/Necr       0%         N/A       100%        4
 Dispel Undead            Necr           0%         3d6       100%        4
 Fulminant Prism          Conj/Hex       0%         3d6       100%        4
 Hailstorm                Conj/Ice       0%         3d3       100%        4
 Ice Form                 Ice/Tmut       0%         N/A       100%        4
 Iskenderun's Mystic Bla  Conj/Tloc      0%         2d3       100%        4
 Petrify                  Tmut/Erth      0%         N/A       100%        4
 Sticky Flame             Conj/Fire      0%         2d3       100%        4
 Alistair's Intoxication  Tmut/Pois      0%         N/A       100%        5
 Borgnjor's Vile Clutch   Necr/Erth      0%         N/A       100%        5
 Irradiate                Conj/Tmut      0%         3d13      100%        5
 Lightning Bolt           Conj/Air       0%         1d11      100%        5
 Metabolic Englaciation   Hex/Ice        0%         N/A       100%        5
 Yara's Violent Unravell  Hex/Tmut       0%         3d3       100%        5
 Eringya's Noxious Bog    Tmut/Pois      0%         N/A       100%        6
 Statue Form              Tmut/Erth      0%         N/A       100%        6
 Dragon Form              Tmut           0%         N/A       100%        7
 Enfeeble                 Hex            0%         N/A       100%        7
 Borgnjor's Revivificati  Necr           0%         N/A       100%        8
 Lehudib's Crystal Spear  Conj/Erth      0%         10d2      100%        8
 Maxwell's Capacitive Co  Air            0%         ∞         100%        8
 Necromutation            Tmut/Necr      0%         N/A       100%        8
 Chain Lightning          Conj/Air       0%         N/A       100%        9
 Death's Door             Necr           0%         N/A       100%        9
 Fire Storm               Conj/Fire      0%         5d1       100%        9
 Shatter                  Erth           0%         3d5*      100%        9
 Animate Skeleton         Necr           Unusable   N/A       N/A         1
 Summon Guardian Golem    Hex/Summ       Unusable   N/A       N/A         3
 Tukima's Dance           Hex            Unusable   N/A       N/A         3
 Animate Dead             Necr           Unusable   N/A       N/A         4
 Summon Ice Beast         Ice/Summ       Unusable   N/A       N/A         4
 Death Channel            Necr           Unusable   N/A       N/A         6
 Simulacrum               Ice/Necr       Unusable   N/A       N/A         6

Dungeon Overview and Level Annotations

Branches:
Dungeon (15/15)            Temple (1/1) D:4            Lair (6/6) D:9
  Swamp (4/4) Lair:4        Snake (4/4) Lair:2        Slime (0/5) Lair:5
    Orc (2/2) D:12            Elf (3/3) Orc:2        Vaults (5/5) D:13
  Crypt (0/3) Vaults:2     Depths (0/4) D:15        Ossuary (visited)
 Bailey (visited)         Gauntlet (visited)

Altars:
Ashenzari
Cheibriados
Dithmenos
Elyvilon
Fedhas
Gozag
Hepliaklqana
Kikubaaqudgha
Makhleb
Nemelex Xobeh
Okawaru
Qazlal
Ru
Sif Muna
Trog
Uskayaw
Vehumet
Wu Jian
Xom
Yredelemnul
Zin
The Shining One
Jiyva

Shops:
D:7 (   D:12 =   Orc:2 !*((   Elf:1 [   Snake:2 *[***=[   Snake:3 (   Snake:4 :
Vaults:4 ?

Annotations:
D:9 Casa
D:11 1 runed translucent door
D:13 1 runed translucent door
Elf:2 3 runed translucent doors


Innate Abilities, Weirdness & Mutations

You have a pair of horns on your head.
You reflexively headbutt those who attack you in melee.


Message History

You headbutt the tentacled monstrosity!!
The tentacled monstrosity is severely wounded.
The tentacled monstrosity misses you.
You block the tentacled monstrosity's attack.
The tentacled monstrosity misses you. The tentacled monstrosity grabs you.
The tentacled monstrosity constricts you.
You feel much better.
The tentacled monstrosity tentacle-slaps you!
* * * LOW HITPOINT WARNING * * *
The tentacled monstrosity tentacle-slaps you but does no damage.
The tentacled monstrosity tentacle-slaps you!
* * * LOW HITPOINT WARNING * * *
The tentacled monstrosity constricts you.
* * * LOW HITPOINT WARNING * * *
As you read the scroll of fear, it crumbles to dust.
You assume a fearsome visage.
The tentacled monstrosity resists with almost no effort.
The shadow dragon resists with some effort.
You block the tentacled monstrosity's attack.
The tentacled monstrosity tentacle-slaps you but does no damage. x2
The tentacled monstrosity constricts you.
* * * LOW HITPOINT WARNING * * *
You slice the tentacled monstrosity!!
The tentacled monstrosity is almost dead.
Unknown command.
You feel much better.
The tentacled monstrosity tentacle-slaps you but does no damage. x2
You block the tentacled monstrosity's attack.
The tentacled monstrosity constricts you.
* * * LOW HITPOINT WARNING * * *
You carve the tentacled monstrosity like a ham!!!
You kill the tentacled monstrosity!
Okawaru accepts your kill.
Unknown command.
You stride towards the shadow dragon!
You slice the shadow dragon!! You headbutt the shadow dragon.
The shadow dragon is moderately wounded.
The shadow dragon breathes negative energy at you.
The bolt of negative energy hits you!!!
You feel drained.
You die...

######################
......................
.....................
#########........#######
.........)..............
#.###.##..#....#.###...
#.# #.###)#....#@# ####
#.###.###.#....#D## ....
..........#....#..# ...
####..###.#....#..# ..#
...##.# #.#....#..## o.#
##..#.###.#....#...##..#
.##.#.....#....#...)#..#
..#.#.###.# #....)).#.#
..#...# #.# #....[....#


You could see a shadow dragon (catching breath).

Vanquished Creatures
  2 dread liches
  Mara (Swamp:4)
  the Lernaean hydra (Swamp:4)
  Vashnia (Snake:3)
  Saint Roka (Snake:3)
  3 golden dragons (Vaults:5)
  Nikola (Swamp:3)
  Asterion (Snake:1)
  Mlioglotl (Snake:1)
  2 titans (Vaults:5)
  A tentacled monstrosity (Vaults:5)
  2 deep elf blademasters (Elf:3)
  A quicksilver dragon (Vaults:5)
  4 deep elf master archers (Elf:3)
  Frances (Snake:2)
  6 sphinxes
  Agnes (Snake:3)
  A shadow dragon (shapeshifter) (Vaults:5)
  3 tengu reavers
  2 thorn hunters
  2 shadow dragons (Vaults:5)
  5 storm dragons (Vaults:5)
  7 nagarajas
  A fenstrider witch (Swamp:4)
  5 fire giants
  A frost giant (Vaults:5)
  6 deep elf sorcerers
  Aizul (Snake:1)
  An iron dragon (Vaults:3)
  4 orc warlords
  24 vault wardens
  2 deep elf elementalists (Elf:3)
  23 ironbound preservers
  5 stone giants
  9 ironbound thunderhulks
  A war gargoyle (Vaults:5)
  8 very ugly things
  Nessos (D:12)
  4 eleionomae
  4 deep elf demonologists
  A minotaur (Gauntlet)
  6 deep elf annihilators
  Azrael (D:12)
  8 dire elephants
  4 bunyips
  Snorg (Lair:5)
  5 deep elf death magi
  5 ettins
  2 crystal guardians (Vaults:4)
  2 fire dragons (D:10)
  2 great orbs of eyes
  8 boulder beetles
  12 yaktaur captains
  3 ghost crabs
  12 naga warriors
  A salamander tyrant (Snake:4)
  32 vault guards
  2 catoblepae
  A hell beast (Vaults:4)
  A spriggan air mage (Swamp:3)
  2 ice dragons
  9 ironbound frosthearts
  A peacekeeper (Vaults:4)
  Erica (D:10)
  25 hydras
  7 ogre magi
  11 centaur warriors
  17 anacondas
  22 two-headed ogres
  12 dancing weapons
  A deep troll earth mage (Vaults:2)
  A tengu warrior (D:15)
  4 alligators
  5 hell knights (Vaults:5)
  8 shock serpents
  2 orc high priests (Orc:1)
  4 deep elf knights
  39 slime creatures
  18 naga sharpshooters
  4 salamander mystics
  4 goliath frogs
  3 skeletal warriors (D:15)
  3 spriggan druids
  2 sea snakes (Snake:2)
  2 flayed ghosts
  10 swamp dragons
  18 ironbound convokers
  9 naga ritualists
  51 deep trolls
  A glowing orange brain (shapeshifter) (Vaults:2)
  14 wizards
  A glowing orange brain (Vaults:4)
  18 lindwurms
  3 harpies (Vaults:1)
  Pikel (D:9)
  21 mana vipers
  24 deep elf pyromancers
  17 deep elf zephyrmancers
  13 salamanders
  3 phantasmal warriors (Vaults:5)
  3 necromancers
  31 ugly things
  A salamander (shapeshifter) (D:10)
  18 orc knights
  6 orc sorcerers
  4 will-o-the-wisps
  11 cyclopes
  Maurice (D:8)
  2 manticores
  A black mamba (shapeshifter) (Elf:3)
  2 guardian serpents (shapeshifter)
  22 naga magi
  12 vault sentinels
  32 black mambas
  6 guardian serpents
  An apocalypse crab (Gauntlet)
  15 cane toads
  2 gargoyles
  An unseen horror (D:13)
  4 rime drakes
  An ice devil (Gauntlet)
  9 komodo dragons
  39 yaktaurs
  2 tengu conjurers (D:15)
  An efreet (D:11)
  3 freezing wraiths
  A yaktaur (shapeshifter) (D:15)
  A tyrant leech (shapeshifter) (Elf:3)
  A bloated husk (Swamp:1)
  4 polar bears
  13 hornets
  6 trolls
  13 tyrant leeches
  Prince Ribbit (D:8)
  9 dream sheep (Lair:6)
  28 blink frogs
  A jumping spider (shapeshifter) (Vaults:4)
  23 spriggans
  3 wraiths
  2 shadows
  18 humans (D:13)
  6 basilisks
  3 wyverns
  2 water elementals
  82 yaks
  4 fire elementals
  2 steam dragons
  6 wargs
  15 vampire mosquitoes
  46 nagas
  4 acid dragons
  3 hell hounds (D:12)
  12 swamp worms
  16 water moccasins
  8 swamp drakes
  45 orc warriors
  An ice beast (D:7)
  7 black bears
  24 wolves
  8 boggarts
  27 ogres
  12 centaurs
  2 lemures (D:8)
  2 phantoms (D:5)
  2 kobold brigands
  18 bullfrogs
  3 scorpions
  3 earth elementals
  2 water moccasin skeletons
  5 killer bees (D:8)
  17 wights
  3 howler monkeys
  6 electric eels
  A bullfrog zombie (D:5)
  5 centaur zombies
  6 jellies
  2 hounds
  16 orc priests
  A gnoll shaman (D:7)
  A bullfrog skeleton (D:6)
  Crazy Yiuf (D:7)
  3 iguanas
  4 hell rats (Lair:6)
  22 orc wizards
  A killer bee zombie (D:6)
  A howler monkey zombie (D:9)
  2 mummies (Ossuary)
  A howler monkey skeleton (D:4)
  Robin (D:4)
  18 gnolls
  5 adders
  5 white imps
  3 adder zombies (Ossuary)
  A worm (D:4)
  A dart slug (D:3)
  123 orcs
  12 ball pythons
  9 bats
  15 endoplasms
  2 giant cockroaches
  17 goblins
  6 hobgoblins
  11 jackals
  5 quokkas
  6 frilled lizards
  11 hobgoblin zombies (Ossuary)
  4 jackal zombies (Ossuary)
  18 kobolds
  14 kobold zombies (Ossuary)
  5 orc zombies (Ossuary)
  12 rats
  A bush (D:10)
1792 creatures vanquished.

Vanquished Creatures (others)
  A tyrant leech (Swamp:4)
  A bloated husk (Swamp:4)
  A spriggan (Swamp:2)
  A naga (Snake:3)
  An orc priest (Vaults:5)
  An orc wizard (D:13)
  2 orcs
  A demonic plant (Gauntlet)
  10 foxfires
  16 fungi
  36 plants
71 creatures vanquished.

Grand Total: 1863 creatures vanquished

Notes
Turn   | Place    | Note
-------+----------+-------------------------------------------
     0 | D:1      | Peloso the Minotaur Fighter began the quest for the Orb.
     0 | D:1      | Reached XP level 1. HP: 19/19 MP: 0/0
   143 | D:1      | Reached XP level 2. HP: 27/27 MP: 1/1
   411 | D:1      | Found a faded altar of an unknown god.
   554 | D:1      | Reached XP level 3. HP: 30/33 MP: 2/2
   713 | D:2      | Reached skill level 1 in Dodging
   713 | D:2      | Reached XP level 4. HP: 40/41 MP: 3/3
  1451 | D:3      | Found a sparkling altar of Nemelex Xobeh.
  1777 | D:3      | Reached XP level 5. HP: 35/47 MP: 4/4
  1920 | D:3      | Reached skill level 5 in Long Blades
  1935 | D:3      | Reached skill level 5 in Fighting
  1935 | D:3      | Reached XP level 6. HP: 9/56 MP: 5/5
  2307 | D:3      | You fall into a shaft and drop 2 floors!
  2307 | D:5      | Entered Level 5 of the Dungeon
  2333 | D:5      | Reached skill level 5 in Armour
  2624 | D:4      | Reached XP level 7. HP: 55/61 MP: 6/6
  2783 | D:4      | Found a staircase to the Ecumenical Temple.
  2824 | D:4      | Noticed Robin
  2839 | Temple   | Entered the Ecumenical Temple
  3894 | D:4      | Killed Robin
  4518 | D:3      | Found a hide-covered altar of Uskayaw.
  4518 | D:3      | Found an iron altar of Okawaru.
  4529 | D:3      | Found a faded altar of an unknown god.
  4532 | D:3      | Became a worshipper of Warmaster Okawaru
  4536 | D:3      | Found a basalt altar of Yredelemnul.
  4538 | D:3      | Found a snail-covered altar of Cheibriados.
  4667 | D:3      | Found a stormy altar of Qazlal.
  4714 | D:3      | Reached skill level 5 in Shields
  5538 | D:5      | Noticed a wyvern
  5566 | D:5      | HP: 3/61 [wyvern (14)]
  5567 | D:5      | Killed a wyvern
  5568 | D:5      | Reached XP level 8. HP: 4/70 MP: 7/7
  6049 | D:5      | Found a burning altar of Makhleb.
  6148 | D:6      | Found an ornate altar of the Wu Jian Council.
  6263 | D:6      | Reached * piety under Okawaru
  7421 | D:6      | Reached ** piety under Okawaru
  7540 | D:7      | Reached skill level 1 in Stealth
  7602 | D:7      | Reached XP level 9. HP: 58/78 MP: 8/8
  7688 | D:7      | Found a sand-covered staircase.
  7693 | Ossuary  | Entered an ossuary
  8235 | D:7      | Found Jagapt's Weapon Boutique.
  8756 | D:7      | Reached skill level 10 in Long Blades
  8763 | D:7      | Reached *** piety under Okawaru
  9141 | D:7      | Found a runed translucent door.
  9142 | D:7      | Noticed Crazy Yiuf
  9276 | D:7      | Killed Crazy Yiuf
  9323 | D:8      | Found a flagged portal.
  9344 | Bailey   | Entered a bailey
  9757 | Bailey   | Reached XP level 10. HP: 88/88 MP: 5/9
  9771 | Bailey   | Identified the +6 arbalest of the Reaper {penet, Int+4}
  9772 | Bailey   | Noticed an orc knight
  9781 | Bailey   | HP: 3/88 [orc knight/+0 trident (7)]
  9783 | Bailey   | Killed an orc knight
  9784 | Bailey   | Reached skill level 1 in Evocations
  9882 | D:8      | Reached **** piety under Okawaru
  9889 | D:8      | Paralysed by a hornet for 2 turns
  9896 | D:8      | Paralysed by a hornet for 3 turns
  9910 | D:8      | Reached skill level 10 in Armour
  9910 | D:8      | Reached skill level 1 in Invocations
 10185 | D:8      | Noticed Prince Ribbit
 10196 | D:8      | Killed Prince Ribbit
 10466 | D:8      | Noticed Maurice
 10478 | D:8      | Killed Maurice
 10885 | D:9      | Reached ***** piety under Okawaru
 11101 | D:9      | Found a glowing silver altar of Zin.
 11102 | D:9      | Found a white marble altar of Elyvilon.
 11103 | D:9      | Found a glowing golden altar of the Shining One.
 11147 | D:9      | Noticed a green ugly thing
 11157 | D:9      | Killed a green ugly thing
 11158 | D:9      | Reached XP level 11. HP: 94/99 MP: 8/11
 11200 | D:9      | Noticed Pikel
 11215 | D:9      | Killed Pikel
 11285 | D:8      | Identified the +0 plate armour of Ipoclej {rF++ Str-4}
                  | (Okawaru gifted it to you on level 8 of the Dungeon)
 11285 | D:8      | Received a gift from Okawaru
 11527 | D:9      | Found a staircase to the Lair.
 11584 | D:9      | Found a sacrificial altar of Ru.
 11745 | D:10     | Entered Level 10 of the Dungeon
 11818 | D:10     | Reached skill level 10 in Fighting
 11925 | D:10     | Found a blossoming altar of Fedhas.
 12056 | D:10     | Noticed a two-headed ogre
 12063 | D:10     | Killed a two-headed ogre
 12186 | D:10     | Noticed an orc knight
 12226 | D:10     | Killed an orc knight
 12277 | D:10     | Noticed Erica
 12284 | D:10     | Killed Erica
 12588 | D:11     | Found a runed translucent door.
 12590 | D:11     | Noticed a fire dragon
 12598 | D:11     | Noticed a four-headed hydra
 12616 | D:11     | Killed a one-headed hydra
 12705 | D:11     | Noticed a fire dragon
 12706 | D:11     | Noticed an ice dragon
 12708 | D:11     | Found a runed translucent door.
 12708 | D:11     | Noticed an ice dragon
 12716 | D:11     | Found the +2 shield of Resistance {rF++ rC++ Will++}
 12910 | D:11     | Reached XP level 12. HP: 70/110 MP: 12/12
 12991 | D:11     | Noticed a two-headed ogre
 13000 | D:11     | Killed a two-headed ogre
 13000 | D:11     | Received a gift from Okawaru
 13533 | Lair:1   | Entered Level 1 of the Lair of Beasts
 13734 | Lair:1   | Reached skill level 10 in Shields
 13818 | Lair:1   | Received a gift from Okawaru
 13909 | Lair:1   | Noticed an eight-headed hydra
 13914 | Lair:1   | Killed a five-headed hydra
 14091 | Lair:1   | You fall into a shaft and drop 1 floor!
 14208 | Lair:1   | Noticed a boulder beetle
 14220 | Lair:1   | Killed a boulder beetle
 14261 | Lair:1   | Found the +3 pair of seven-league boots {Rampage+∞}
 14274 | Lair:1   | Reached ****** piety under Okawaru
 14870 | Lair:2   | Identified the +4 plate armour of Prudence {Int+2} (Okawaru
                  | gifted it to you on level 2 of the Lair of Beasts)
 14870 | Lair:2   | Received a gift from Okawaru
 14871 | Lair:2   | Reached skill level 15 in Long Blades
 14940 | Lair:2   | Found a staircase to the Snake Pit.
 15164 | Lair:2   | Got Koyruk's Tome of the Mutagenic Rocks
 15191 | Lair:2   | Reached XP level 13. HP: 119/119 MP: 13/13
 16689 | Lair:4   | Found a staircase to the Swamp.
 16751 | Lair:4   | Reached skill level 15 in Armour
 17622 | D:12     | Noticed Azrael
 17647 | D:12     | Killed Azrael
 17665 | D:12     | Found a gate leading to a gauntlet.
 17684 | Gauntlet | Entered a Gauntlet
 17684 | Gauntlet | Found a transporter.
 17684 | Gauntlet | Found a transporter.
 17686 | Gauntlet | Found a transporter.
 17687 | Gauntlet | Found a transporter.
 17690 | Gauntlet | Found a transporter.
 17690 | Gauntlet | Found a transporter.
 17729 | Gauntlet | Found a transporter.
 17730 | Gauntlet | Found a transporter.
 17734 | Gauntlet | Found a runed translucent door.
 17739 | Gauntlet | Found a runed translucent door.
 17743 | Gauntlet | Found a transporter.
 17759 | Gauntlet | Found a transporter.
 17773 | Gauntlet | Found a transporter.
 17777 | Gauntlet | Found a transporter.
 17890 | Gauntlet | Identified the ring "Gumokox" {rPois rC+ Will+ EV+4 Dex-4}
 18077 | Gauntlet | Identified the +2 hat "Bihuonux" {Harm Slay-2 SInv}
                  | (Okawaru gifted it to you in a Gauntlet)
 18077 | Gauntlet | Received a gift from Okawaru
 18097 | Gauntlet | Identified the amulet of Arikanun {rPois Regen+ Stlth+}
 18142 | Gauntlet | Noticed a minotaur
 18159 | Gauntlet | Killed a minotaur
 18396 | D:12     | Noticed Nessos
 18406 | D:12     | Killed Nessos
 18421 | D:12     | Reached XP level 14. HP: 86/133 MP: 15/15
 18440 | D:12     | Found a staircase to the Orcish Mines.
 19136 | D:12     | Found Suodamn's Jewellery Shop.
 19930 | Lair:5   | Found a viscous altar of Jiyva.
 19931 | Lair:5   | Found a staircase to the Slime Pits.
 19984 | Lair:5   | Noticed Snorg
 19992 | Lair:5   | Killed Snorg
 20279 | Lair:5   | Reached skill level 1 in Polearms
 20279 | Lair:5   | Reached skill level 1 in Staves
 20279 | Lair:5   | Reached skill level 1 in Unarmed Combat
 20279 | Lair:5   | Reached XP level 15. HP: 139/139 MP: 16/16
 21367 | D:13     | Reached skill level 15 in Fighting
 21534 | D:13     | Found a runed translucent door.
 21684 | Orc:1    | Entered Level 1 of the Orcish Mines
 21914 | Orc:1    | Paralysed by an orc sorcerer for 5 turns
 22100 | Orc:1    | Noticed an orc warlord
 22232 | D:12     | Killed an orc warlord
 22232 | D:12     | Received a gift from Okawaru
 22466 | Orc:1    | Found a shimmering blue altar of Sif Muna.
 22890 | Orc:2    | Entered Level 2 of the Orcish Mines
 22927 | Orc:2    | Found a staircase to the Elven Halls.
 23275 | Orc:2    | Reached XP level 16. HP: 22/152 MP: 17/17
 23413 | Orc:2    | Found Hiang's Weapon Shoppe.
 23413 | Orc:2    | Found Tapneic's General Store.
 23415 | Orc:2    | Found Jeyczaell's Antique Weapon Shop.
 23415 | Orc:2    | Found Got Mewn's Distillery.
 23473 | Orc:2    | Bought a potion of berserk rage for 55 gold pieces
 23473 | Orc:2    | Bought a potion of might for 44 gold pieces
 24235 | D:13     | Got Lebrumij's Incunabulum of Venom and Malediction
 24237 | D:13     | Identified the +2 short sword of the Abyss {vamp, rElec
                  | Will+}
 24333 | D:13     | Received a gift from Okawaru
 24485 | D:13     | Reached skill level 5 in Dodging
 24618 | D:13     | Found a gate to the Vaults.
 24676 | D:13     | Got Zeimap's Disquisition on Shape Shifting and
                  | Confrontation
 25089 | D:14     | Received a gift from Okawaru
 25805 | Lair:6   | Entered Level 6 of the Lair of Beasts
 26408 | Lair:6   | Reached skill level 15 in Shields
 26947 | Lair:6   | Identified the +6 dagger "Vutotwie" {pain, rN+ Dex+7
                  | Stlth+}
 27407 | D:15     | Entered Level 15 of the Dungeon
 27435 | D:15     | Found a white marble altar of Elyvilon.
 27661 | D:15     | Found a staircase to the Depths.
 27978 | D:15     | Received a gift from Okawaru
 27988 | D:15     | Reached XP level 17. HP: 163/163 MP: 18/18
 28532 | Elf:1    | Entered Level 1 of the Elven Halls
 28656 | Elf:1    | Identified the +1 ring mail "Huittet" {rC+}
 28915 | Elf:1    | Identified the +0 scale mail of Grace {Str+7 Int-5 Dex+2}
                  | (Okawaru gifted it to you on level 1 of the Elven Halls)
 28915 | Elf:1    | Received a gift from Okawaru
 29557 | Elf:1    | Found Migenub's Antique Armour Shop.
 29572 | Elf:1    | Bought a pair of smouldering boots for 256 gold pieces
 29572 | Elf:1    | Identified the +1 pair of boots "Fococwucu" {rPois Dex+3}
                  | (You bought it in a shop on level 1 of the Elven Halls)
 29572 | Elf:1    | Bought a brightly glowing plate armour for 756 gold pieces
 29572 | Elf:1    | Identified the +1 plate armour of the Equinox {rPois rC-
                  | rN+} (You bought it in a shop on level 1 of the Elven
                  | Halls)
 29744 | Elf:3    | Entered Level 3 of the Elven Halls
 30275 | Elf:2    | Found a runed translucent gate.
 30275 | Elf:2    | Found a runed translucent gate.
 30275 | Elf:2    | Found a runed translucent gate.
 30593 | Elf:3    | Noticed a deep elf master archer
 30594 | Elf:3    | Noticed a deep elf blademaster
 30594 | Elf:3    | Noticed a deep elf master archer
 31083 | Elf:3    | Found the +3 robe of Clouds {*Thunder rCloud rElec}
 31165 | Elf:3    | Killed a deep elf blademaster
 31334 | Elf:3    | Killed a deep elf master archer
 31344 | Elf:3    | Killed a deep elf master archer
 31664 | Elf:3    | Identified the ring of the Suburbs {*Slow MP+9 Str+4 Int+9}
 31664 | Elf:3    | Noticed a deep elf blademaster
 31664 | Elf:3    | Noticed a deep elf master archer
 31676 | Elf:3    | Killed a deep elf blademaster
 31679 | Elf:3    | Noticed a Brimstone Fiend
 31721 | Elf:3    | Killed a deep elf master archer
 32002 | Elf:3    | Noticed a deep elf master archer
 32009 | Elf:3    | Identified the +5 morningstar of Terra Cotta {vamp, Str-4
                  | Int+4}
 32011 | Elf:3    | Killed a deep elf master archer
 32016 | Elf:3    | Identified the +8 double sword of Doom {speed, rElec}
 32033 | Elf:3    | Received a gift from Okawaru
 32110 | Elf:3    | Got Sif Muna's Volume of Transmutation
 32121 | Elf:3    | Identified the +10 falchion of Seoteza {freeze, rPois rC+
                  | rN++}
 32139 | Elf:3    | Identified the +3 lajatang "Fiph" {elec, Will+ Int-5 Dex+4}
 32169 | Elf:3    | Identified the +0 scale mail "Taudeg" {Dex+2}
 32172 | Elf:3    | Identified the +1 helmet of the Enchanted Forest {rElec
                  | Int-5 Dex+6 SInv}
 32177 | Elf:3    | Identified the +8 scythe of Socwiump {venom, *Rage rPois
                  | rCorr Int+4}
 32183 | Elf:3    | Identified the +6 hunting sling of Kanaudy {freeze, rN++}
 32740 | Snake:1  | Entered Level 1 of the Snake Pit
 32761 | Snake:1  | Reached XP level 18. HP: 171/176 MP: 19/19
 32969 | Snake:1  | Noticed Aizul
 32985 | Snake:1  | Killed Aizul
 33196 | Snake:1  | Noticed Asterion
 33214 | Snake:1  | Killed Asterion
 33280 | Snake:1  | Noticed Mlioglotl
 33289 | Snake:1  | Killed Mlioglotl
 33880 | Snake:2  | Found Ilepsaor's General Store.
 33897 | Snake:2  | Received a gift from Okawaru
 34033 | Snake:2  | Found Ytam's Gadget Gallery.
 34087 | Snake:2  | Found Pecit's Armour Emporium.
 34094 | Snake:2  | Noticed Frances
 34106 | Snake:2  | Killed Frances
 34196 | Snake:2  | Found Tuocubbu's Jewellery Shoppe.
 34280 | Snake:2  | Found Lerchyud's Antique Armour Shoppe.
 34318 | Snake:2  | Found Qitixui's Assorted Antiques.
 34413 | Snake:2  | Bought a twisted chain mail for 218 gold pieces
 34413 | Snake:2  | Identified the +1 chain mail "Uprun" {rF++ Dex+7 Stlth+}
                  | (You bought it in a shop on level 2 of the Snake Pit)
 34626 | Snake:2  | Found Wuwing's Assorted Antiques.
 34861 | Snake:3  | Noticed Vashnia
 34933 | Snake:3  | Received a gift from Okawaru
 35028 | Snake:3  | Killed Vashnia
 35320 | Snake:3  | Noticed Saint Roka
 35343 | Snake:3  | Killed Saint Roka
 35432 | Snake:3  | Identified a scroll of acquirement
 35436 | Snake:3  | Noticed Agnes
 35454 | Snake:3  | Killed Agnes
 35696 | Snake:3  | Found Anasogigh's Antique Weapon Shop.
 35717 | Snake:3  | Reached XP level 19. HP: 143/187 MP: 20/20
 35810 | Snake:3  | Bought a translucent scimitar for 333 gold pieces
 35810 | Snake:3  | Identified the +5 scimitar of the Hand {freeze, rC+ Will+
                  | Int-5} (You bought it in a shop on level 3 of the Snake
                  | Pit)
 36137 | Swamp:1  | Entered Level 1 of the Swamp
 36383 | Swamp:1  | Identified the +4 falchion "Gimuosm" {flame, rElec Int+2}
                  | (Okawaru gifted it to you on level 1 of the Swamp)
 36383 | Swamp:1  | Received a gift from Okawaru
 37321 | Swamp:3  | Noticed Nikola
 37341 | Swamp:3  | Killed Nikola
 37803 | Swamp:4  | Entered Level 4 of the Swamp
 37827 | Swamp:4  | Identified the +6 double sword of Ointment {freeze, rN+
                  | Will- Dex+4} (Okawaru gifted it to you on level 4 of the
                  | Swamp)
 37827 | Swamp:4  | Received a gift from Okawaru
 38059 | Swamp:4  | Noticed Mara
 38065 | Swamp:4  | Noticed Peloso's illusion
 38080 | Swamp:4  | Killed Mara
 38586 | Snake:4  | Entered Level 4 of the Snake Pit
 38703 | Snake:4  | Found a snail-covered altar of Cheibriados.
 38898 | Snake:4  | Found Kiomiv's Book Emporium.
 38941 | Snake:4  | Received a gift from Okawaru
 39142 | Snake:4  | Identified the +0 hat "Heacuoff" {Rampage rCorr Str+3}
                  | (Okawaru gifted it to you on level 4 of the Snake Pit)
 39142 | Snake:4  | Received a gift from Okawaru
 39520 | Snake:4  | Got a serpentine rune of Zot
 40275 | Swamp:4  | Noticed the 27-headed Lernaean hydra
 40278 | Swamp:4  | Reached XP level 20. HP: 138/200 MP: 21/21
 40494 | Swamp:4  | Killed the 27-headed Lernaean hydra
 40622 | Swamp:4  | Got a decaying rune of Zot
 41210 | Vaults:1 | Entered Level 1 of the Vaults
 41460 | Vaults:1 | HP: 5/200 [ironbound thunderhulk/+0 dire flail (9)]
 41519 | Vaults:1 | Identified the +7 chain mail of the Arena {Will++ Int-3}
                  | (Okawaru gifted it to you on level 1 of the Vaults)
 41519 | Vaults:1 | Received a gift from Okawaru
 43032 | Vaults:2 | Found a staircase to the Crypt.
 43142 | Vaults:2 | HP: 3/203 [deep troll[an ironbound preserver] (9)]
 43339 | Vaults:2 | Received a gift from Okawaru
 43469 | Vaults:2 | Identified the +0 leather armour of the Sturgeon {Rampage
                  | rF+ Str+2}
 43616 | Vaults:2 | Reached XP level 21. HP: 200/211 MP: 22/22
 43856 | Vaults:2 | Noticed a dread lich
 43874 | Vaults:2 | Killed a dread lich
 43943 | Vaults:2 | Received a gift from Okawaru
 45383 | Vaults:3 | Identified the +10 longbow of Fobb {vorpal, Int+4} (Okawaru
                  | gifted it to you on level 3 of the Vaults)
 45383 | Vaults:3 | Received a gift from Okawaru
 46012 | Vaults:4 | Found Ihifu's Magic Scroll Emporium.
 46036 | Vaults:4 | Bought a scroll of magic mapping for 77 gold pieces
 46036 | Vaults:4 | Bought a scroll of magic mapping for 77 gold pieces
 46036 | Vaults:4 | Bought a scroll of magic mapping for 77 gold pieces
 46036 | Vaults:4 | Bought a scroll of blinking for 165 gold pieces
 46036 | Vaults:4 | Bought a scroll of blinking for 165 gold pieces
 46144 | Vaults:4 | Identified the +8 hand crossbow of the Many Lies {flame,
                  | Int+7} (Okawaru gifted it to you on level 4 of the Vaults)
 46144 | Vaults:4 | Received a gift from Okawaru
 46403 | Vaults:4 | Reached XP level 22. HP: 224/224 MP: 23/23
 46945 | Vaults:5 | Entered Level 5 of the Vaults
 47112 | Vaults:5 | Identified the +9 crystal plate armour of the Shoals
                  | {Rampage rElec rC-} (Okawaru gifted it to you on level 5 of
                  | the Vaults)
 47112 | Vaults:5 | Received a gift from Okawaru
 48034 | Vaults:5 | Noticed a golden dragon
 48039 | Vaults:5 | Killed a golden dragon
 48047 | Vaults:5 | Identified the ring "Ylytued" {Str+5 Dex+6}
 48208 | Vaults:5 | Noticed a golden dragon
 48223 | Vaults:5 | Killed a golden dragon
 48448 | Vaults:5 | Noticed a dread lich
 48473 | Vaults:5 | Killed a dread lich
 48913 | Vaults:5 | Noticed a golden dragon
 48914 | Vaults:5 | Received a gift from Okawaru
 48938 | Vaults:5 | Killed a golden dragon
 48955 | Vaults:5 | Killed from afar by a shadow dragon

Illustrated notes

Levels and vault maps discovered:
D:1:      lightli_arrival_lavapool, layout_rooms,
          ebering_ecumenical_altar_sacrificial,
          amcnicky_mini_rare_corridor_liquid, minmay_tetromino_o4
D:2:      layout_loops_ring, chequers_arboretum, hangedman_glass_teeth
D:3:      layout_basic, lemuel_tele_altar, nicolae_qazlal_eye_of_the_storm,
          chequers_temple_overflow_minitemple
D:4:      layout_cave_pools, temple_pool_b, uniq_robin
D:5:      layout_basic, lightli_temple_of_fire
D:6:      layout_basic, mainiacjoe_overflow_24_doors
D:7:      layout_cave_pools, serial_shops, shop, enter_ossuary_2, serial_park,
          serial_park_square3 [serial_park_minivault_5x5_2], serial_park_tiny_1,
          serial_park_avenue1, serial_park_tiny_2, serial_park_tiny_1,
          uniq_crazy_yiuf_cottage
D:8:      layout_loops_cross, enter_bailey_2, small_statue_intersection,
          uniq_prince_ribbit1, uniq_maurice
D:9:      layout_long_grid, good_gods_temple_1, nicolae_ru_sacrificial_ziggurat,
          lair_entry_dummy, uniq_pikel
D:10:     layout_loops_ring, fedhas_bush_and_centaur_altar, minmay_checkerbox,
          uniq_erica
D:11:     layout_irregular_city, serial_column_ruins, column_ruins_hut,
          column_ruins_circle_small, column_ruins_grid_1,
          column_ruins_open_tiny, column_ruins_open_tiny, grunt_ministairs_10,
          minmay_guarded_unrand_resistance
D:12:     layout_basic, hiddenorc2_lemuel, serial_shops, kennysheep_little_box,
          gauntlet_entry_generic, minivault_14, uniq_azrael, uniq_nessos
D:13:     minmay_the_grid_four_pointed_star
          [minmay_the_grid_triangle_9x9_corruption,
          minmay_the_grid_triangle_9x9_subtriangle,
          minmay_the_grid_triangle_9x9_longest,
          minmay_the_grid_triangle_9x9_alien,
          minmay_the_grid_prize_diamond_cup], layout_irregular_city,
          grunt_vaults_entry_tiered
D:14:     layout_loops_ring, minivault_4
D:15:     grunt_enter_depths_giant_problem, layout_stronghold,
          minmay_misc_feat_plants, elyvilon_altar_4
Temple:   jpeg_temple_island
Lair:1:   layout_layer_cave, hellmonk_guarded_unrand_seven_league_boots
Lair:2:   layout_regular_city, guppyfry_snake_entry_garden, minivault_25,
          chequers_serial_rivers_small_3, beast_lair_carwin_8
Lair:3:   layout_chaotic_city, serial_bayou_shore_b
Lair:4:   layout_misc_corridors, minmay_swamp_entry_worms
Lair:5:   layout_roguey, slime_altar_1, chequers_serial_rivers_micro_b,
          uniq_snorg
Lair:6:   minmay_lair_end_enchanted_forest, layout_regular_city, st_stairs_11
Swamp:1:  layout_basic_swamp, evilmike_swamp_ruin_rubble_1
Swamp:2:  layout_basic_swamp, nicolae_swamp_tree_isthmus,
          infiniplex_staircase_pool
Swamp:3:  layout_basic_swamp, hangedman_swamp_lotus, uniq_nikola
Swamp:4:  swamp_old_school, layout_basic_swamp, uniq_mara
Snake:1:  layout_onion, grunt_megastairs_5, uniq_asterion, uniq_mlioglotl,
          uniq_aizul
Snake:2:  layout_grid_maze, serial_shops, shop, nicolae_shop_hallway_plus,
          nicolae_square_shop, shop, nicolae_shop_overgrown_old_shop,
          serial_bayou, serial_bayou_pond_e, serial_bayou_pond_b,
          serial_bayou_pond_e, serial_bayou_pond_e, serial_bayou_pond_c,
          nicolae_shop_gadgets, minmay_shop_star, serial_bayou_shore_b,
          uniq_frances
Snake:3:  layout_rooms, serial_shops, shop, hangedman_snake_corridor_cut,
          uniq_saint_roka, uniq_agnes, uniq_vashnia
Snake:4:  snake_pit, layout_cave_town, basic_altar, serial_shops, shop
Orc:1:    layout_diamond_mine, kennysheep_orc_sif_temple
Orc:2:    st_orc_ogre_mass, layout_caves
Elf:1:    minmay_elf_arrival_summoners, layout_geoelf_grid, serial_shops,
          nicolae_lakefront_shop, hangedman_elf_disciples,
          hangedman_elven_crosses_minicolossus
Elf:2:    nicolae_elf_blades_splatter_lattice
          [nicolae_blade_entry_area_security], layout_gridlike, minivault_27,
          due_unseen_surprise, lemuel_elevator
Elf:3:    minmay_elf_hall, layout_geoelf_castle, nicolae_fountain_basement
Vaults:1: nicolae_vaults_arrows, vaults_room_corners,
          nicolae_vaults_little_squares_3, ontoclasm_vaults_hangar, v_misc_3,
          v_misc_12, hangedman_vaults_stream, grunt_vaults_twisty, v_misc_19,
          ontoclasm_vaults_misaligned, ontoclasm_vaults_hangar,
          ontoclasm_vaults_ring_square, ontoclasm_vaults_pinch,
          vaults_room_pool, nicolae_vaults_angled_halls, vaults_dpeg_diagonal,
          layout_vaults_big_cross
Vaults:2: ontoclasm_vaults_misaligned, dpeg_vaults_waves,
          nicolae_vaults_little_squares_2, v_misc_27, dpeg_vaults_monster_row,
          vaults_room_ringed_pool, v_pattern_4, nicolae_vaults_little_squares_2,
          nicolae_vaults_ninety_degrees, v_misc_8, ontoclasm_vaults_eye,
          vaults_room_fours, vaults_dpeg_encased_lava, layout_vaults_omnibox,
          dummy_crypt_entry
Vaults:3: ontoclasm_vaults_loading_screen, nicolae_vaults_c_with_doors,
          v_misc_33, grunt_vaults_swirl, v_misc_3, vaults_room_pool,
          hangedman_vaults_pinch, vaults_mumra_minichess,
          grunt_vaults_hallway_short, nicolae_vaults_hallways_thing,
          ontoclasm_vaults_idyll, v_misc_9, hangedman_vaults_stretched_pinwheel,
          nicolae_vaults_rhombus_5, layout_vaults_ring
Vaults:4: ontoclasm_vaults_ring_square, hangedman_vaults_maws, v_pattern_3,
          v_misc_14, vaults_mumra_hexcomb, nicolae_vaults_asterisk,
          nicolae_vaults_display_case, serial_ice_b, nicolae_vaults_rhombus_7,
          vaults_room_door_hall, hangedman_vaults_trim, layout_vaults_big_room,
          serial_shops, nicolae_diamond_shop
Vaults:5

Skill      XL: |  1  2  3  4  5  6  7  8  9 10 11 12 13 14 15 16 17 18 19 20 21 22 |
---------------+-------------------------------------------------------------------+-----
Fighting       | 4 5 6 8 9 11 12 14 16 17 19 20 21 23 24 25 | 25.9
Shields        | 4 5 6 7 8 9 10 11 12 13 15 17 19 20 21 22 23 | 23.7
Armour         | 4 5 7 8 9 10 12 13 15 16 17 18 19 20 | 20.9
Long Blades    | 3 5 6 7 8 10 12 13 15 16 17 18 19 21 22 23 24 25 | 25.6
Dodging        | 1 2 3 4 5 6 7 |  7.5
Stealth        | 1 2 3 |  3.6
Evocations     | 1 2 |  2.6
Invocations    | 1 2 3 |  3.5
Polearms       | 1 |  1.3
Staves         | 1 |  1.3
Unarmed Combat | 1 |  1.9
Short Blades   | |  0.8
Axes           | |  0.9
Maces & Flails | |  0.9
Slings         | |  0.7
Bows           | |  0.7
Crossbows      | |  0.7
Throwing       | |  0.6
Spellcasting   | |  0.3
Conjurations   | |  0.3
Hexes          | |  0.3
Summonings     | |  0.7
Necromancy     | |  0.3
Translocations | |  0.3
Transmutations | |  0.4
Fire Magic     | |  0.3
Ice Magic      | |  0.3
Air Magic      | |  0.3
Earth Magic    | |  0.4
Poison Magic   | |  0.3

Action                   |  1- 3 |  4- 6 |  7- 9 | 10-12 | 13-15 | 16-18 | 19-21 | 22-24 || total
-------------------------+-------+-------+-------+-------+-------+-------+-------+-------++-------
Melee: Long sword        |    77 |   140 |   457 |    95 |       |       |       |       ||   769
       Headbutt          |     8 |    14 |    75 |   153 |   222 |   336 |   493 |   154 ||  1455
       Falchion          |       |       |       |   289 |   263 |       |       |       ||   552
       Scimitar          |       |       |       |   289 |   755 |   959 |       |       ||  2003
       Double sword      |       |       |       |       |       |   452 |  1667 |   435 ||  2554
Invok: Heroism           |       |       |     8 |    13 |    13 |     7 |     6 |     4 ||    51
Evoke: Wand              |       |       |     7 |    12 |     4 |     2 |       |     3 ||    28
  Use: Scroll            |       |     7 |     6 |     3 |    11 |     7 |     6 |     1 ||    41
       Potion            |       |     1 |     1 |     1 |     2 |     2 |     8 |     3 ||    18
 Stab: Paralysed         |       |       |       |     6 |       |       |       |       ||     6
       Confused          |       |       |       |       |       |       |     2 |       ||     2
Armor: Scale mail        |    48 |     2 |       |       |       |       |       |       ||    50
       Chain mail        |       |    69 |   227 |       |       |       |   301 |   100 ||   697
       Plate armour      |       |       |       |   361 |   574 |   553 |   314 |       ||  1802
       Acid dragon scale |       |       |       |       |     3 |       |       |       ||     3
Dodge: Dodged            |    58 |    35 |   175 |   183 |   365 |   384 |   411 |    63 ||  1674
Block: Buckler           |    23 |    26 |   155 |   165 |   261 |       |       |       ||   630
       Kite shield       |       |       |       |       |    65 |   929 |   988 |   204 ||  2186
